Map: Ruins of Seras

Players

Robotnik

  • Race: Zerg Zerg
  • League: Master

Scarlett - Winner!

  • Race: Zerg Zerg
  • League: Grandmaster

VOD

Have the link to the VOD?

Description

Time

  • Played on: Jan. 28, 2016, 11:50 p.m.
  • Length: 12:36
Show
View Real Time Build Order
Export as new Build Order

Robotnik Zerg 

Build Orders: Hatch First 

Get SALT Encoding   

  12  0:01  Drone  
  13  0:13  Overlord  
  13  0:18  Drone  
  14  0:31  Drone x2  
  14  0:35  Drone  
  17  0:55  Hatchery  
  16  0:58  Drone  
  16  1:01  Drone  
  18  1:05  Extractor  
  18  1:08  Drone  
  18  1:20  Spawning Pool  
  18  1:23  Drone  
  18  1:28  Drone  
  19  1:40  Overlord  
  19  1:51  Drone  
  20  2:04  Drone  
  20  2:07  Queen x2  
  25  2:09  Zergling x2  
  25  2:12  Metabolic Boost  
  26  2:16  Zergling x2  
  27  2:25  Baneling Nest  
  26  2:39  Drone x2  
  26  2:42  Drone  
  26  2:43  Queen  
  31  2:52  Overlord  
  31  3:03  Drone  
  31  3:04  Drone x4  
  36  3:09  Baneling x2  
  36  3:20  Evolution Chamber  
  36  3:24  Zergling x8  
  38  3:27  Overlord  
  38  3:39  Drone x3, Roach Warren  
  40  3:42  Drone  
  41  3:52  Zerg Missile Weapons Level 1  
  41  4:01  Overlord  
  41  4:06  Drone x5  
  41  4:07  Drone x2  
  48  4:12  Lair  
  47  4:24  Overlord x2  
  47  4:30  Extractor  
  47  4:31  Extractor  
  45  4:35  Hatchery  
  44  4:43  Drone  
  44  4:44  Drone x2  
  48  4:45  Zergling x2  
  48  4:46  Zergling x6  
  52  4:59  Drone x3  
  55  5:00  Drone x2  
  55  5:03  Extractor  
  55  5:04  Roach x2  
  59  5:10  Glial Reconstitution  
  59  5:26  Overlord  
  60  5:28  Drone x3  
  60  5:29  Drone x2  
  60  5:31  Roach x4  
  60  5:32  Roach  
  74  5:39  Evolution Chamber  
  69  5:50  Roach  
  69  5:51  Roach x3  
  76  5:58  Zerg Missile Weapons Level 2  
  76  6:19  Roach x3  
  74  6:39  Roach x4  
  81  6:40  Roach x2  
  81  6:41  Queen  
  81  6:42  Overlord x4  
  81  6:43  Queen  
  81  6:48  Queen  
  81  6:49  Spore Crawler  
  81  6:50  Spore Crawler  
  81  6:51  Spore Crawler  
  81  6:52  Spore Crawler  
  79  6:59  Drone x3  
  82  7:07  Drone x2  
  84  7:09  Zerg Ground Armor Level 1  
  84  7:14  Spore Crawler  
  83  7:16  Spore Crawler  
  83  7:19  Pneumatized Carapace  
  82  7:32  Spore Crawler  
  82  7:34  Drone x3  
  84  7:45  Drone  
  84  7:46  Drone x7  
  92  7:55  Spore Crawler  
  91  7:59  Overlord  
  91  8:00  Overlord  
  91  8:17  Overlord, Queen x2  
  91  8:18  Overlord  
  94  8:21  Drone  
  94  8:22  Infestation Pit, Extractor  
  94  8:23  Drone  
  94  8:24  Drone  
  94  8:26  Drone  
  96  8:27  Drone  
  96  8:42  Overlord x2  
  96  8:48  Infestation Pit  
  96  8:51  Overlord  
  96  8:52  Drone  
  96  8:53  Drone x4, Queen  
  102  8:56  Queen  
  102  9:01  Queen  
  106  9:15  Spore Crawler  
  106  9:17  Drone x3  
  106  9:20  Zerg Ground Armor Level 2  
  108  9:37  Hive  
  106  9:40  Infestor  
  106  9:41  Infestor x4  
  106  9:45  Overlord x3  
  116  9:50  Spore Crawler  
  111  10:02  Queen x2  
  111  10:05  Drone x8  
  117  10:08  Overlord  
  115  10:26  Spore Crawler  
  114  10:30  Overlord x2  
  114  10:34  Roach  
  114  10:35  Roach x6  
  128  10:40  Extractor x2  
  126  10:45  Overlord  
  128  10:50  Roach x5  
  136  11:05  Roach x2  
  136  11:06  Roach  
  126  11:14  Roach  
  126  11:15  Roach x4  
  134  11:20  Lair, Extractor  
  134  11:22  Extractor  
  124  11:29  Roach x5  
  128  12:06  Roach  
  128  12:07  Roach x5  
  134  12:20  Roach Warren  
  133  12:25  Extractor  
  133  12:26  Spore Crawler  
  131  12:32  Infestation Pit  
  131  12:33  Hydralisk Den  
Show
View Real Time Build Order
Export as new Build Order

Scarlett Zerg - Winner!

Build Orders: Hatch First 

Get SALT Encoding   

  12  0:01  Drone  
  13  0:09  Drone  
  14  0:18  Overlord  
  14  0:23  Extractor  
  14  0:24  Drone  
  15  0:36  Drone x2  
  17  0:53  Hatchery  
  17  0:56  Drone  
  17  0:59  Drone  
  18  1:13  Spawning Pool  
  17  1:18  Drone  
  17  1:20  Drone  
  19  1:26  Drone  
  20  1:37  Overlord  
  20  1:54  Drone  
  20  1:59  Queen  
  20  2:00  Zergling x2  
  24  2:05  Queen  
  24  2:06  Drone, Spine Crawler  
  26  2:10  Drone  
  27  2:17  Drone  
  27  2:21  Drone  
  29  2:31  Drone  
  29  2:32  Drone  
  29  2:35  Queen  
  33  2:39  Drone  
  33  2:41  Queen  
  36  2:48  Overlord  
  36  2:50  Extractor  
  35  2:53  Extractor  
  34  3:00  Overlord  
  34  3:01  Drone x2  
  36  3:11  Drone x3  
  36  3:12  Drone x2  
  41  3:17  Overlord  
  41  3:19  Queen  
  43  3:22  Drone  
  44  3:33  Evolution Chamber  
  44  3:34  Drone x2  
  45  3:35  Evolution Chamber  
  45  3:40  Overlord  
  43  3:44  Drone x4  
  47  3:49  Drone x3  
  50  4:01  Zerg Melee Weapons Level 1  
  50  4:02  Roach Warren  
  49  4:03  Zerg Ground Armor Level 1  
  49  4:10  Drone  
  49  4:11  Drone x3  
  49  4:13  Extractor  
  52  4:19  Drone x4  
  56  4:24  Lair  
  56  4:26  Drone  
  57  4:32  Drone x3  
  57  4:38  Metabolic Boost  
  60  4:44  Hatchery  
  59  4:48  Drone x2, Extractor  
  59  4:49  Drone  
  61  4:53  Zergling x2  
  61  4:54  Zergling x2  
  61  4:57  Hatchery  
  61  4:59  Zergling x6  
  66  5:06  Zergling x4  
  68  5:12  Overlord x2  
  68  5:23  Hatchery  
  68  5:26  Overseer  
  68  5:27  Spire, Zergling x4  
  68  5:34  Zergling x8  
  72  5:43  Hatchery  
  72  5:45  Zergling x10  
  76  5:55  Zergling x2  
  76  5:56  Zergling x2  
  77  5:58  Zerg Ground Armor Level 2, Zerg Melee Weapons Level 2  
  78  6:04  Zergling x8  
  81  6:12  Overlord  
  81  6:13  Overlord  
  80  6:23  Zergling x2  
  80  6:24  Zergling x6  
  77  6:27  Zergling x4  
  77  6:36  Zergling x2  
  77  6:37  Zergling x2  
  77  6:39  Mutalisk  
  74  6:45  Mutalisk  
  74  6:46  Mutalisk  
  79  6:47  Mutalisk x3  
  85  6:57  Mutalisk x2  
  85  7:00  Drone  
  85  7:01  Drone x2  
  92  7:11  Mutalisk  
  92  7:15  Drone x8  
  102  7:25  Zerg Flyer Weapons Level 1  
  102  7:26  Mutalisk  
  104  7:34  Overlord x3  
  104  7:35  Drone x4  
  104  7:36  Drone x3  
  111  7:41  Extractor x2  
  109  7:45  Mutalisk  
  109  7:47  Overseer  
  111  7:53  Overlord  
  111  7:57  Drone x2, Infestation Pit  
  112  7:59  Mutalisk  
  112  8:01  Drone  
  112  8:02  Drone x7  
  122  8:13  Extractor  
  122  8:14  Drone x3, Extractor  
  122  8:15  Drone x3  
  122  8:16  Drone x5  
  131  8:22  Overlord x2  
  131  8:23  Mutalisk  
  131  8:25  Mutalisk  
  135  8:39  Mutalisk x4  
  141  8:42  Zergling x2  
  141  8:43  Zergling x14  
  149  8:53  Mutalisk x2  
  149  8:54  Mutalisk  
  155  9:03  Hatchery  
  154  9:15  Hive  
  154  9:16  Overlord x3  
  154  9:17  Overlord x2  
  154  9:18  Zergling x12  
  160  9:33  Zerg Flyer Weapons Level 2  
  160  9:54  Mutalisk x3  
  160  9:55  Mutalisk x6  
  160  9:57  Zergling x32  
  188  10:08  Mutalisk x4  
  193  10:16  Zergling x10  
  198  10:33  Adrenal Glands  
  198  10:36  Ultralisk Cavern  
  198  10:38  Zergling x6  
  175  11:11  Extractor  
  175  11:14  Extractor  
  165  11:23  Ultralisk  
  165  11:24  Ultralisk  
  171  11:25  Ultralisk  
  171  11:28  Zergling x2  
  171  11:29  Zergling x38  
  187  11:50  Ultralisk x2  
Tags
 
Add a new tag
Caveats
  • Supply blocks, unpowered buildings, or Contaminate may cause inaccurate times.
  • Supply counts are checked every 10 seconds.